 Dungeon Crawl Stone Soup version 0.18-a0-1468-gaf180a1 (webtiles) character file.

3010 css the Grave Robber (level 9, -22/64 HPs)
             Began as a Mummy Necromancer on Mar 1, 2016.
             Hit by a large rock thrown by a stone giant (32 damage)
             ... on level 1 of the Dungeon.
             The game lasted 00:28:46 (33547 turns).

css the Grave Robber (Mummy Necromancer)           Turns: 33547, Time: 00:28:49

Health: -22/64     AC: 15    Str: 13    XL:     9   Next: 55%
Magic:  15/15      EV: 11    Int: 15    God:    Xom [......]
Gold:   149        SH:  0    Dex: 16    Spells: 3 memorised, 8 levels left

rFire  . . .     SeeInvis .     l - +1 great mace (protect)
rCold  + . .     Gourm    .     n - +1 scale mail {rF+}
rNeg   + + +     Faith    .     (shield currently unavailable)
rPois  ∞         Spirit   .     o - +2 hat
rElec  .         Dismiss  .     (no cloak)
rCorr  .         Reflect  .     (no gloves)
SustAt .         Harm     .     (no boots)
MR     +....                    (no amulet)
Stlth  +.........               u - +3 ring of dexterity
                                j - ring of flight

@: very slightly contaminated, somewhat resistant to hostile enchantments, very
unstealthy
A: no food or potions, fire vulnerability, cold resistance 1, negative energy
resistance 3, torment resistance, unbreathing
a: Renounce Religion, Evoke Flight


You were on level 1 of the Dungeon.
You worshipped Xom.
You were a very special plaything of Xom.
You were not hungry.

You visited 1 branch of the dungeon, and saw 6 of its levels.

You collected 479 gold pieces.
You spent 330 gold pieces at shops.

Inventory:

Hand Weapons
 l - a +1 great mace of protection (weapon)
 C - a +0 longbow of chaos
Missiles
 g - 5 poisoned javelins (quivered)
 v - 16 poisoned arrows
 w - 3 curare-tipped needles
Armour
 a - a +1 robe
 c - a +1 helmet
 n - a +1 scale mail of fire resistance (worn)
 o - a +2 hat (worn)
 B - a +2 leather armour of cold resistance
Magical Staves
 d - an uncursed staff of energy
Jewellery
 j - a ring of flight (left hand)
 u - a +3 ring of dexterity (right hand)
Wands
 f - a wand of iceblast (0/15)
 q - a wand of paralysis (6/24)
 r - a wand of digging (10/24)
 s - a wand of acid (11/15)
 x - a wand of polymorph (3/24)
 A - a wand of digging (11/24)
Scrolls
 e - 3 scrolls of teleportation
 h - a scroll of amnesia
 i - 2 scrolls of remove curse
 k - 2 scrolls of fear
 m - a scroll of blinking
 p - a scroll of fog
 t - a scroll of vulnerability
Books
 b - a book of Necromancy

   Spells                             Type                      Level
   a - Pain                           Necromancy                   1
   b - Animate Skeleton               Necromancy                   1
   c - Vampiric Draining              Necromancy                   3
   d - Regeneration                   Charms/Necromancy            3
   e - Animate Dead                   Necromancy                   4
   f - Control Undead                 Necromancy                   4
 y - a book of Death

   Spells                             Type                      Level
   a - Corpse Rot                     Necromancy                   2
   b - Sublimation of Blood           Necromancy                   2
   c - Agony                          Necromancy                   5
   d - Dispel Undead                  Necromancy                   5
   e - Excruciating Wounds            Charms/Necromancy            5
   f - Bolt of Draining               Conjuration/Necromancy       5
Miscellaneous
 z - a disc of storms


   Skills:
 + Level 3.6 Fighting
   Level 0.2 Short Blades
 * Level 5.4 Maces & Flails
 + Level 0.1 Throwing
 + Level 4.5 Armour
 + Level 5.1 Dodging
 + Level 2.5 Stealth
 + Level 4.6 Spellcasting
 + Level 6.1 Necromancy


You had 8 spell levels left.
You knew the following spells:

 Your Spells              Type           Power        Failure   Level  Hunger
a - Pain                  Necr           ###.         8%          1    N/A
b - Vampiric Draining     Necr           ###.......   21%         3    N/A
c - Bolt of Draining      Conj/Necr      ##........   100%        5    N/A

Dungeon Overview and Level Annotations

Branches:
Dungeon (6/15)
 Temple: D:4-7

Altars:
Elyvilon
Fedhas
Okawaru
Pakellas
Ru
Vehumet
Xom

Shops:
D:6 }


Innate Abilities, Weirdness & Mutations

You do not eat or drink.
Your flesh is vulnerable to fire.
You are immune to poison.
Your flesh is cold resistant.
You are immune to negative energy.
You are immune to unholy pain and torment.
You can survive without breathing.


Message History

* * * LOW HITPOINT WARNING * * *
Unknown command.
Read which item? (? for menu, Esc to quit)
Blink to where?
Press: ? - help, Dir - move target cursor You are very lightly contaminated with residual magic.
As you read the scroll of blinking, it crumbles to dust.
Read which item? (? for menu, Esc to quit)
As you read the scroll of teleportation, it crumbles to dust.
You feel strangely unstable.
Your surroundings seem slightly different.
Xom is amused.
There is a stone staircase leading up here.
You climb upwards.
The stone giant shouts!
Xom makes a sudden noise!
You hear a very strange noise.
The stone giant throws a large rock.
The large rock hits you!!
Ouch! That really hurt!
You die...
Xom is highly amused!

..........###..#.....>..## #.#.#
...............#........## #.#.#
...######....C...#......## #.#.#
#..######.###..#.##...#.## #.#.#
##......................## #.#.#
#...#.#.........#.##.#..## #.#..
#.#...#..............#..## #†###
#...####....)..))#####..#####.#
##.#####......##@...._......#.#
#......)..##..##[#####..###.#.###
.#.###.#####..##[#####..###......
.#.........)..##[#####..###.#####
.#####.#####.###.#####......##
.## #.#####.###)#####.##...## ..#
#.#####.###.#####.####.## #.# #.#
###.###.#>)...####.## ..# #.#
###.###..#.#######..#


You could see a stone giant.

Vanquished Creatures
  Pikel (D:3)
  A queen bee (shapeshifter) (D:2)
  Duvessa (D:4)
  A slave (D:3)
  A black bear (D:6)
  A phantom (D:5)
  2 sky beasts
  3 ogres
  A centaur (D:5)
  Blork the orc (D:5)
  2 giant frogs
  A gnoll sergeant (D:5)
  Dowan (D:4)
  A wyvern skeleton (D:6)
  4 wights (D:1)
  A howler monkey (shapeshifter) (D:2)
  A howler monkey (D:3)
  2 crimson imps
  A jelly (D:2)
  3 hounds
  5 orc wizards
  An orc priest (D:6)
  Jessica (D:2)
  Ijyb (D:2)
  Natasha (thrice) (D:2)
  3 worker ants
  A hound zombie (D:5)
  Robin (D:1)
  A worker ant zombie (D:6)
  13 adders
  7 gnolls
  A howler monkey skeleton (D:6)
  2 oozes (D:2)
  An adder zombie (D:5)
  An adder skeleton (D:6)
  4 worms
  4 dart slugs
  9 giant geckos
  12 orcs
  14 bats
  6 giant cockroaches
  26 goblins
  18 hobgoblins
  3 jackals
  3 quokkas
  5 ball pythons
  A giant gecko skeleton (D:5)
  6 giant newts
  2 jackal skeletons
  6 kobolds
  12 rats
203 creatures vanquished.

Notes
Turn   | Place    | Note
--------------------------------------------------------------
     0 | D:1      | css the Mummy Necromancer began the quest for the Orb.
     0 | D:1      | Reached XP level 1. HP: 13/13 MP: 3/3
   437 | D:1      | Reached XP level 2. HP: 8/19 MP: 1/5
  1632 | D:1      | Reached XP level 3. HP: 12/25 MP: 0/6
  1878 | D:2      | Learned a level 3 spell: Vampiric Draining
  2344 | D:2      | Noticed Ijyb
  2371 | D:2      | Killed Ijyb
  2371 | D:2      | Reached XP level 4. HP: 27/31 MP: 3/7
  2417 | D:2      | Noticed Robin
  2549 | D:1      | Killed Robin
  2614 | D:2      | Reached skill level 1 in Maces & Flails
  2714 | D:2      | Noticed Jessica
  2727 | D:2      | Killed Jessica
  2727 | D:2      | Reached XP level 5. HP: 36/36 MP: 4/8
  2861 | D:2      | You fall through a shaft for 2 floors!
  2962 | D:2      | Reached skill level 1 in Fighting
  3060 | D:2      | Noticed Natasha
  3071 | D:2      | Killed Natasha
  3539 | D:2      | Noticed Natasha
  3548 | D:2      | Killed Natasha
  3548 | D:2      | Reached XP level 6. HP: 38/43 MP: 2/10
  4726 | D:4      | Noticed Dowan
  4727 | D:4      | Noticed Duvessa
  4743 | D:4      | Killed Duvessa
  4743 | D:4      | Reached skill level 1 in Armour
  4792 | D:4      | Killed Dowan
  4792 | D:4      | Reached XP level 7. HP: 23/50 MP: 11/11
  5222 | D:4      | Noticed Pikel
  5675 | D:3      | Killed Pikel
  5675 | D:3      | Reached skill level 5 in Necromancy
  5794 | D:4      | Reached XP level 8. HP: 39/56 MP: 13/13
  6292 | D:5      | Entered Level 5 of the Dungeon
  6438 | D:5      | Noticed Blork the orc
  6470 | D:5      | Killed Blork the orc
  6554 | D:5      | Found a blossoming altar of Fedhas.
  8314 | D:6      | Found a shimmering altar of Xom.
  8318 | D:6      | Found an oddly glowing altar of Pakellas.
  8513 | D:6      | Found an iron altar of Okawaru.
  8531 | D:6      | Reached skill level 6 in Necromancy
  8719 | D:6      | Reached XP level 9. HP: 29/64 MP: 4/15
  8994 | D:6      | Found Edghirofe's Gadget Emporium.
  9002 | D:6      | Bought a wand of digging (11/24) for 330 gold pieces
  9153 | D:6      | Found a white marble altar of Elyvilon.
  9211 | D:6      | Reached skill level 5 in Dodging
  9384 | D:6      | Found a sacrificial altar of Ru.
  9384 | D:6      | Found a radiant altar of Vehumet.
  9396 | D:6      | Became a worshipper of Xom of Chaos
  9422 | D:6      | XOM: silly message
  9750 | D:1      | XOM: divination: detect creatures
 10669 | D:1      | XOM: god gift: glass wand {god gift}
 11041 | D:1      | XOM: noise
 11167 | D:1      | XOM: god gift: 22 gold pieces
 11210 | D:1      | XOM: vitrification
 11303 | D:1      | XOM: god gift: encrusted agate ring {god gift}
 11440 | D:1      | Reached skill level 5 in Maces & Flails
 11746 | D:1      | XOM: god gift: 16 poisoned arrows
 12275 | D:1      | XOM: divination: detect creatures
 12513 | D:1      | XOM is BORED!
 12513 | D:1      | XOM: severe Erth miscast
 12648 | D:1      | XOM: 2-stop teleportation journey
 13227 | D:1      | XOM: 3-stop teleportation journey
 14107 | D:1      | XOM: god gift: 51 gold pieces
 14214 | D:1      | XOM: stat loss: -1 Int (14/15)
 14382 | D:1      | XOM: god gift: 4 gold pieces
 15222 | D:1      | XOM: god gift: polished trident {god gift}
 15223 | D:1      | Got a polished trident {god gift}
 15224 | D:1      | Identified the +9 trident of Discomfort {flame, rF+ rN+ Str-5} (Xom gifted it to you on level 1 of the Dungeon)
 15671 | D:1      | XOM: god gift: curved jewelled staff {god gift}
 15787 | D:1      | XOM: scenery: create altars
 16486 | D:1      | Noticed a stone giant
 16554 | D:2      | XOM: god gift: 3 curare-tipped needles
 16685 | D:2      | Noticed Natasha
 16701 | D:2      | Killed Natasha
 16705 | D:2      | XOM: divination: detect creatures
 16910 | D:2      | XOM: divination: detect creatures
 17098 | D:2      | XOM: medium Fire miscast
 17122 | D:2      | XOM: 2-stop teleportation journey
 17186 | D:2      | XOM: god gift: metal-bound book {god gift}
 17198 | D:2      | Learned a level 5 spell: Bolt of Draining
 17329 | D:2      | XOM: god gift: transparent buckler {god gift}
 17330 | D:2      | Got a transparent buckler {god gift}
 17351 | D:2      | Identified the -5 buckler of Starshine {-Cast Int+5 Dex+4} (Xom gifted it to you on level 2 of the Dungeon)
 17368 | D:2      | XOM: god gift: disc of storms
 17489 | D:2      | XOM: god gift: bubbling clear potion
 18467 | D:2      | XOM: god gift: wand of digging {god gift}
 18502 | D:2      | XOM: 2-stop teleportation journey
 18505 | D:2      | XOM: vitrification
 18862 | D:2      | XOM: 5-stop teleportation journey
 19240 | D:2      | XOM: 1-stop teleportation journey
 19425 | D:2      | XOM: stat loss: -1 Dex (15/16)
 19608 | D:2      | XOM: harmless Tloc miscast
 19681 | D:2      | XOM: divination: detect creatures
 19697 | D:2      | XOM: mild Fire miscast
 20663 | D:2      | XOM: vitrification
 21211 | D:2      | Noticed a spiny frog
 21233 | D:2      | XOM: mild Fire miscast
 21275 | D:2      | XOM: silly message
 21715 | D:2      | XOM: 4-stop teleportation journey
 21786 | D:2      | XOM is BORED!
 21786 | D:2      | XOM: mild Conj miscast
 22017 | D:2      | XOM: noise
 22065 | D:2      | XOM: silly message
 22313 | D:2      | XOM: harmless Fire miscast
 22613 | D:2      | XOM: mild Pois miscast
 22771 | D:2      | XOM: 2-stop teleportation journey
 22829 | D:2      | XOM: severe Fire miscast
 23946 | D:2      | XOM: harmless Tloc miscast
 24190 | D:2      | XOM: scenery: 1 doors close
 24540 | D:2      | XOM is BORED!
 24540 | D:2      | XOM: noise
 24655 | D:2      | XOM: silly message
 24699 | D:2      | XOM: noise
 25694 | D:2      | XOM: 2-stop teleportation journey
 26546 | D:2      | XOM: medium Conj miscast
 26575 | D:2      | XOM: colour smoke trail
 26690 | D:2      | Noticed a deep elf mage
 26834 | D:2      | XOM: scenery: 1 doors close
 27286 | D:2      | XOM: 1-stop teleportation journey
 27745 | D:2      | Noticed a queen bee
 27753 | D:2      | Killed a queen bee
 28036 | D:2      | XOM: harmless Ice miscast
 28492 | D:2      | XOM: god gift: glowing longbow {god gift}
 29141 | D:2      | XOM: god gift: bread ration
 29446 | D:2      | XOM: silly message
 29637 | D:2      | XOM is BORED!
 29637 | D:2      | XOM: harmless Fire miscast
 29686 | D:2      | XOM: medium Erth miscast
 29698 | D:2      | XOM: harmless Summ miscast
 30487 | D:2      | XOM: colour smoke trail
 30753 | D:2      | XOM is BORED!
 30753 | D:2      | XOM: mild Divn miscast
 30908 | D:2      | XOM: divination: detect creatures
 31503 | D:2      | XOM: silly message
 32934 | D:2      | XOM is BORED!
 32934 | D:2      | XOM: noise
 33023 | D:2      | XOM: medium Conj miscast
 33535 | D:2      | XOM: medium Summ miscast
 33547 | D:1      | XOM: noise
 33547 | D:1      | Hit by a large rock thrown by a stone giant

Vault maps used:
D:1:      matt_arrival_diagonals
D:2:      uniq_robin, uniq_natasha, uniq_jessica, uniq_iyjb
D:4:      first_bread, uniq_pikel, uniq_duvessa
D:5:      lemuel_crystal_altar, minmay_misc_feat_plants, uniq_blork_the_orc
D:6:      old_standard_altar, kennysheep_mini_moat,
          nicolae_overflow_hidden_temple, serial_shops, nicolae_shop_crystal

Skill      XL: |  1  2  3  4  5  6  7  8  9 |
---------------+----------------------------+-----
Dodging        | 2 3 4 5 |  5.1
Maces & Flails | 1 2 3 4 5 |  5.4
Fighting       | 1 2 3 |  3.6
Armour         | 1 2 3 4 |  4.5
Spellcasting   | 3 4 |  4.6
Necromancy     | 5 6 |  6.1
Stealth        | 2 |  2.5
Short Blades   | |  0.2
Throwing       | |  0.1

Action                   |  1- 3 |  4- 6 |  7- 9 || total
-------------------------+-------+-------+-------++-------
Melee: Short sword       |    64 |       |       ||    64
       Great mace        |    45 |   254 |   500 ||   799
Throw: Javelin           |     1 |       |     3 ||     4
 Cast: Pain              |    38 |    31 |    48 ||   117
       Vampiric Draining |       |       |     9 ||     9
Evoke: Wand              |       |     1 |     2 ||     3
  Use: Scroll            |     5 |     7 |     7 ||    19
 Stab: Sleeping          |     2 |     2 |       ||     4
       Paralysed         |       |       |     3 ||     3
       Distracted        |       |       |     1 ||     1
